 Dungeon Crawl Stone Soup version 0.26-a0-1026-g544776af23 (webtiles) character file.

Game seed: 11237345295155314868

14 pablito the Grasshopper (level 2, -1/25 HPs)
             Began as a Palentonga Warper on Dec 9, 2020.
             Succumbed to an adder's poison
             ... on level 1 of the Dungeon.
             The game lasted 00:02:58 (1255 turns).

pablito the Grasshopper (Palentonga Warper)         Turns: 1255, Time: 00:02:59

Health: -1/25      AC:  4    Str: 14    XL:     2   Next: 31%
Magic:  5/5        EV:  9    Int: 13    God:
Gold:   95         SH:  0    Dex:  9    Spells: 5/5 levels left

rFire    . . .     SeeInvis +   a - +0 mace
rCold    . . .     Faith    .   (no shield)
rNeg     . . .     Spirit   .   b - +0 leather armour
rPois    .         Reflect  .   (no helmet)
rElec    .         Harm     .   (no cloak)
rCorr    .         Rampage  .   (no gloves)
Will     .....                  (no barding)
Stlth    +.........             (no amulet)
HPRegen  0.08/turn              (no ring)
MPRegen  0.09/turn              (no ring)

@: lethally poisoned (-1 -> -14)
A: large, rugged brown scales 3, see invisible, deformed body, roll 1, armoured
tail
a: Rolling Charge


You were on level 1 of the Dungeon.
You visited 1 branch of the dungeon, and saw 2 of its levels.

You collected 95 gold pieces.

Inventory:

Hand Weapons
 a - a +0 mace (weapon)
Missiles
 e - 4 boomerangs of dispersal (quivered)
Armour
 b - a +0 leather armour (worn)
 h - a +0 ring mail
Scrolls
 c - 2 scrolls of identify {unknown}
 d - a scroll of blinking
 f - a scroll of amnesia {unknown}
 g - a scroll of teleportation {unknown}


   Skills:
 + Level 2.2 Fighting
 + Level 2.2 Maces & Flails
 - Level 0.6 Throwing
 + Level 1.0 Armour
 - Level 1.7 Dodging
 - Level 2.0 Spellcasting
 + Level 3.1 Translocations


You had 5 spell levels left.
You didn't know any spells.
Your spell library contained the following spells:

 Spells                   Type           Power        Failure   Level
 Blink                    Tloc           N/A          13%         2
 Gell's Gravitas          Tloc           #.........   26%         3
 Lesser Beckoning         Tloc           #.........   26%         3
 Teleport Other           Tloc           #.......     26%         3
 Passage of Golubria      Tloc           N/A          63%         4


Dungeon Overview and Level Annotations

Branches:
Dungeon (2/15)

Altars:


Innate Abilities, Weirdness & Mutations

You are completely covered in rugged brown scales. (AC +3, +7% HP)
You have supernaturally acute eyesight. (SInv)
Armour fits poorly on your strangely shaped body.
You can roll at nearby foes to attack.
You have a long armoured tail.


Message History

You are poisoned.
The adder poisons you! The adder bites you.
You barely miss the adder.
You feel sick. The adder bites you. The adder closely misses you.
You miss the adder.
You feel sick. The adder bites you.
You closely miss the adder. The adder barely misses you. The adder bites you.
You are lethally poisoned!
The adder poisons you!
You barely miss the adder.
* * * LOW HITPOINT WARNING * * *
You feel sick. The adder bites you but does no damage. The adder bites you.
* * * LOW HITPOINT WARNING * * *
You are more poisoned.
The adder poisons you!
You miss the adder.
* * * LOW HITPOINT WARNING * * *
You feel sick. The adder barely misses you.
You hit the adder.
The adder is lightly wounded.
You die...

#≈≈§§§#..#≈≈≈≈≈#.#
#≈§≈≈§≈.§§§≈≈≈≈#.#
##§§§≈≈§§§≈≈≈≈##.#
#§≈≈#≈..≈#≈≈≈##.#
##≈≈≈≈..≈≈≈≈###.#
###≈≈..≈§### #.#
###''#######.#######
#S.)....(........##
##@................
#.########......##
#.#### #......#
#....# #########
####.# #.......
####.# #.......
#(...# #.[.....
###.########.......
#..[....S..........


You could see an adder.

Vanquished Creatures
  A worm (D:2)
  3 goblins (D:1)
  3 kobolds (D:1)
  A ball python (D:1)
  2 frilled lizards (D:1)
  A rat (D:1)
11 creatures vanquished.

Notes
Turn   | Place    | Note
-------+----------+-------------------------------------------
     0 | D:1      | pablito the Palentonga Warper began the quest for the Orb.
     0 | D:1      | Reached XP level 1. HP: 18/18 MP: 3/3
   337 | D:1      | Reached skill level 1 in Armour
   341 | D:1      | Reached XP level 2. HP: 17/25 MP: 5/5
   913 | D:2      | HP: 2/25 [adder (1)]
   927 | D:1      | HP: 2/25 [adder (1)]
  1253 | D:1      | HP: 2/25 [adder (4)]
  1255 | D:1      | Succumbed to an adder's poison

Illustrated notes

Levels and vault maps discovered:
D:1:      lightli_molten_gateway, layout_basic
D:2:      layout_loops_ring

Skill      XL: |  1 |
---------------+----+-----
Armour         | 1 |  1.0
Fighting       | |  2.2
Maces & Flails | |  2.2
Throwing       | |  0.6
Dodging        | |  1.7
Spellcasting   | |  2.0
Translocations | |  3.1

Action                   || total
-------------------------++-------
Melee: Mace              ||    51
Throw: Boomerang         ||     1
 Abil: Rolling Charge    ||     7
  Use: Potion            ||     2
Armor: Leather armour    ||    14
Dodge: Dodged            ||    23

Table legend: (Time is in decaauts)
 A = Elapsed time spent in this place.
 B = Non-inter-level travel time spent in this place.
 C = Inter-level travel time spent in this place.
 D = Time resting spent in this place.
 E = Time spent auto-exploring this place.
 F = Levels seen in this place.
 G = Mean time per level.
                   A        B        C        D        E       F      G
               +--------+--------+--------+--------+--------+-----+--------+
         Total |   1252 |   1250 |      2 |    494 |    568 |   2 |  626.0 |
       Dungeon |   1252 |   1250 |      2 |    494 |    568 |   2 |  626.0 |
               +--------+--------+--------+--------+--------+-----+--------+

Top non-repeatable levels by time:
     D:1: 954 daAuts
     D:2: 298 daAuts
